 Dungeon Crawl Stone Soup version 0.27-a0-1299-g1ab19c6527 (webtiles) character file.

Game seed: 9323277855317603909

7273 freelancePsychic the Thaumaturge (level 11, -15/85 HPs)
             Began as a Djinni Warper on June 17, 2021.
             Was a Believer of Ashenzari.
             Demolished by a boulder beetle (61 damage)
             ... on level 9 of the Dungeon.
             The game lasted 00:18:21 (8151 turns).

freelancePsychic the Thaumaturge (Djinni Warper)    Turns: 8151, Time: 00:18:22

Health: -15/85     AC:  6    Str: 10    XL:     11   Next: 34%
Gold:   551        EV: 15    Int: 17    God:    Ashenzari [**....] SH:  5 Dex: 14

rFire    + . .     SeeInvis +   l - staff of conjuration
rCold    + . .     Faith    .   q - +0 buckler "Share My Dismay" {Evo, Fort} (curse)
rNeg     . . .     Spirit   .   b - +1 leather armour "I Knew You'd Do That" {Fort, Range} (curse)
rPois    ∞         Reflect  .   i - -2 hat of Panopticon {rC+ Regen+, Evo, Self} (curse)
rElec    .         Harm     .   (no cloak)
rCorr    .         Rampage  .   (no gloves)
Will     +....                  (boots unavailable)
Stlth    +.........             u - amulet of regeneration
HPRegen  2.24/turn              x - +4 ring of protection
MPRegen  0.00/turn              A - ring of ice

@: flying
A: sickness immunity, fire resistance 2, cold vulnerability 1, float, innate
caster, hp casting, extra vitality 1
a: Renounce Religion, Shatter the Chains


You were on level 9 of the Dungeon.
You worshipped Ashenzari.
Ashenzari was pleased with you.
You visited 2 branches of the dungeon, and saw 10 of its levels.

You collected 551 gold pieces.

Inventory:

Hand Weapons
 m - a +0 vorpal falchion
Missiles
 d - 8 boomerangs of dispersal
 w - 6 curare-tipped darts
 B - 9 boomerangs
Armour
 b - the cursed +1 leather armour "I Knew You'd Do That" (worn) {Fort, Range}

   It has a curse which improves the following skills: Fortitude: Armour and
   Shields.
   Ranged Combat: Slings, Bows, Crossbows and Throwing.
 i - the cursed -2 hat of Panopticon (worn) {rC+ Regen+, Evo, Self}
   (You acquired it on level 3 of the Dungeon)

   It protects you from cold.
   It increases your rate of health regeneration.
   It has a curse which improves the following skills: Evocations: Evocations.
   Introspection: Fighting and Spellcasting.
 q - the cursed +0 buckler "Share My Dismay" (worn) {Evo, Fort}
   (You found it on level 3 of the Dungeon)

   It has a curse which improves the following skills: Evocations: Evocations.
   Fortitude: Armour and Shields.
Magical Staves
 l - a staff of conjuration (weapon)
Jewellery
 u - an amulet of regeneration (around neck)
 x - a +4 ring of protection (left hand)
 A - a ring of ice (right hand)
 C - a +6 ring of dexterity
Wands
 y - a wand of mindburst (11)
Scrolls
 a - a scroll of immolation
 c - 2 scrolls of blinking
 g - a scroll of fear
 j - 2 scrolls of enchant weapon
 k - 2 scrolls of teleportation {@r4}
 s - a scroll of brand weapon
 t - 2 scrolls of magic mapping
 v - 2 scrolls of fog
 z - 2 scrolls of enchant armour
Potions
 e - 2 potions of might
 f - 6 potions of curing {@q1}
 h - 4 potions of heal wounds {@q2}
 n - a potion of mutation
 o - 5 potions of berserk rage
 p - 2 potions of ambrosia
 r - a potion of degeneration
 D - a potion of magic


   Skills:
 + Level 8.7(10.1) Fighting
 - Level 2.1 Short Blades
 - Level 0.7(1.4) Throwing
 - Level 1.0(2.3) Armour
 + Level 8.3 Dodging
 - Level 4.0(6.1) Shields
 * Level 9.5(10.9) Spellcasting


You couldn't memorise any spells.
You knew the following spells:

 Your Spells              Type           Power      Damage    Failure   Level
a - Sting                 Tmut/Pois      100%       1d8       1%          1
b - Searing Ray           Conj           100%       3d7       1%          2
c - Blink                 Tloc           N/A        N/A       1%          2
d - Freezing Cloud        Conj/Ice/Air   40%        6-21      3%          5
e - Manifold Assault      Tloc           46%        N/A       3%          5
f - Gell's Gravitas       Tloc           23%        N/A       1%          3
g - Lesser Beckoning      Tloc           23%        N/A       1%          3
h - Vampiric Draining     Necr           23%        2d9       1%          3
i - Cause Fear            Hex            23%        N/A       1%          4
j - Teleport Other        Tloc           46%        N/A       1%          3
Your spell library was empty.

Dungeon Overview and Level Annotations

Branches:
Dungeon (9/15)             Temple (1/1) D:5
   Lair: D:8-11         Orc: D:9-12

Altars:
Ashenzari
Cheibriados
Dithmenos
Elyvilon
Fedhas
Gozag
Hepliaklqana
Kikubaaqudgha
Makhleb
Okawaru
Ru
Trog
Vehumet
Wu Jian
Xom
Yredelemnul
Zin
The Shining One

Shops:
D:7 (   D:8 [

Annotations:
D:4 2 transporters, lessens's ghost, novice FoCK
D:5 3 runed translucent doors, Orlauf's ghost, novice DsGl


Innate Abilities, Weirdness & Mutations

You are immune to sickness and miasma.
You are immune to poison.
Your flesh is very heat resistant. (rF++)
You are vulnerable to cold. (rC-)
You float through the air rather than walking.
You learn spells naturally, not from books.
Your magical power is your life essence.
You have superior vitality. (+4 HP)


Message History

The searing ray hits the two-headed ogre!
You kill the two-headed ogre! (Press . to maintain the ray.)
A boulder beetle comes into view.
You feel a strong surge of power!
The boulder beetle is engulfed in freezing vapours.
You feel a strong surge of power! That beam is likely to hit you.
Continue anyway?
You are engulfed in freezing vapours.
You resist.
The boulder beetle is engulfed in freezing vapours.
The boulder beetle bites you!
You are engulfed in freezing vapours.
You resist.
The boulder beetle curls into a ball and begins rolling!
Casting: Freezing Cloud (dangerous; 3% risk of failure)
Confirm with . or Enter, or press ? or * to list all spells.
You blink.
The boulder beetle is engulfed in freezing vapours.
Casting: Blink (safe; 1% risk of failure)
Confirm with . or Enter, or press ? or * to list all spells.
You blink.
Casting: Blink (safe; 1% risk of failure)
Confirm with . or Enter, or press ? or * to list all spells.
You blink.
The boulder beetle is engulfed in freezing vapours.
Casting: Blink (safe; 1% risk of failure)
Confirm with . or Enter, or press ? or * to list all spells.
You blink.
The boulder beetle is engulfed in freezing vapours.
Casting: Blink (safe; 1% risk of failure)
Confirm with . or Enter, or press ? or * to list all spells.
Aiming: Searing Ray (safe; 1% risk of failure)
Press: ? - help, Shift-Dir - straight line, f/p - boulder beetle
Aim: a boulder beetle (heavily wounded, rolling, 100% to hit)
You feel a surge of power!
The searing ray hits the boulder beetle!
The boulder beetle is heavily wounded. (Press . to maintain the ray.)
The boulder beetle hits you!!!
Ouch! That really hurt!
You die...

* , , , * * , * ,
* * , * .## * *,,
* , ...### ,,
,.$....##########
#.#............#
#..........)..###
.......<§°§B@...#
#.........§○....#
,,
............§...#
,
..###....§§§§...#
,, #
#....§§§§§§§# ,,
#.###§§§§§○.# ,,
#.. *#○##§####
#.. ,.....# #.
....,,#


You could see a boulder beetle (rolling).

Vanquished Creatures
  3 two-headed ogres
  Joseph (D:7)
  A kobold demonologist (D:9)
  Prince Ribbit (D:6)
  A wyvern (D:8)
  4 steam dragons
  Edmund (D:6)
  A water moccasin (D:6)
  Duvessa (D:6)
  An orc warrior (D:6)
  3 ice beasts
  2 necrophages
  An ogre (D:6)
  2 centaurs (D:8)
  A phantom (D:5)
  7 kobold brigands
  4 bullfrogs
  3 scorpions
  2 wyvern zombies (D:8)
  Dowan (D:6)
  A water moccasin zombie (D:6)
  A wyvern skeleton (D:7)
  3 killer bees (D:6)
  10 wights
  An electric eel (D:6)
  A howler monkey (D:6)
  A bullfrog zombie (D:7)
  4 centaur zombies
  A jelly (D:4)
  5 hounds
  2 bullfrog skeletons
  A centaur skeleton (D:5)
  A gnoll shaman (D:8)
  An orc priest (D:6)
  An iguana (D:5)
  2 orc wizards (D:6)
  A killer bee zombie (D:8)
  A howler monkey zombie (D:7)
  15 gnolls
  9 adders
  A shadow imp (D:5)
  2 ufetubi
  2 worms (D:2)
  3 dart slugs
  19 orcs
  4 ball pythons
  4 bats
  A bat zombie (D:3)
  2 endoplasms
  4 giant cockroaches
  8 goblins
  5 hobgoblins
  2 jackals (D:3)
  4 quokkas (D:3)
  4 frilled lizards
  56 kobolds
  6 rats
230 creatures vanquished.

Vanquished Creatures (others)
  3 withered plants (D:8)
3 creatures vanquished.

Grand Total: 233 creatures vanquished

Notes
Turn   | Place    | Note
-------+----------+-------------------------------------------
     0 | D:1      | freelancePsychic the Djinni Warper began the quest for the
                  | Orb.
     0 | D:1      | Reached XP level 1. HP: 18/18 MP: 0/0
   249 | D:1      | Found a faded altar of an unknown god.
   658 | D:1      | Reached XP level 2. HP: 22/23 MP: 0/0
  1070 | D:2      | Reached XP level 3. HP: 22/29 MP: 0/0
  1070 | D:2      | Learned a level 1 spell: Sting
  1314 | D:2      | Reached skill level 3 in Spellcasting
  2164 | D:2      | Reached XP level 4. HP: 33/34 MP: 0/0
  3225 | D:3      | Reached XP level 5. HP: 26/40 MP: 0/0
  3225 | D:3      | Learned a level 2 spell: Searing Ray
  3702 | D:3      | Identified a scroll of acquirement
  3702 | D:3      | Acquired the -2 hat "Retom" {rC+ Regen+}
  4050 | D:4      | Reached skill level 1 in Shields
  4173 | D:4      | Reached XP level 6. HP: 45/46 MP: 0/0
  4235 | D:4      | Found a transporter.
  4240 | D:4      | Noticed an ogre
  4241 | D:4      | Found a transporter.
  4241 | D:4      | Noticed lessens's ghost (novice FoCK)
  4587 | D:4      | Reached XP level 7. HP: 50/50 MP: 0/0
  4587 | D:4      | Learned a level 3 spell: Vampiric Draining
  4604 | D:4      | Reached skill level 4 in Spellcasting
  4826 | D:4      | Reached skill level 5 in Spellcasting
  4826 | D:4      | Reached XP level 8. HP: 58/58 MP: 0/0
  5164 | D:5      | Entered Level 5 of the Dungeon
  5335 | D:5      | Reached skill level 5 in Fighting
  5358 | D:5      | Found a staircase to the Ecumenical Temple.
  5369 | Temple   | Entered the Ecumenical Temple
  5543 | Temple   | Became a worshipper of Ashenzari the Shackled
  5654 | D:5      | Found a runed translucent gate.
  5654 | D:5      | Found a runed translucent gate.
  5654 | D:5      | Found a runed translucent gate.
  5666 | D:5      | Noticed Orlauf's ghost (novice DsGl)
  5934 | D:6      | Reached skill level 6 in Spellcasting
  5970 | D:6      | Reached XP level 9. HP: 56/65 MP: 0/0
  5970 | D:6      | Learned a level 4 spell: Cause Fear
  5972 | D:6      | Noticed Prince Ribbit
  5978 | D:6      | Killed Prince Ribbit
  6010 | D:6      | Noticed Edmund
  6019 | D:6      | Killed Edmund
  6075 | D:6      | Noticed Duvessa
  6077 | D:6      | Noticed Dowan
  6083 | D:6      | Killed Duvessa
  6096 | D:6      | Killed Dowan
  6174 | D:6      | Reached skill level 5 in Dodging
  6199 | D:6      | Reached skill level 7 in Spellcasting
  6613 | D:7      | Noticed Joseph
  6627 | D:7      | Killed Joseph
  6628 | D:7      | Reached XP level 10. HP: 34/75 MP: 0/0
  6705 | D:7      | Found a blossoming altar of Fedhas.
  6810 | D:7      | Found a burning altar of Makhleb.
  6810 | D:7      | Found an ornate altar of the Wu Jian Council.
  6904 | D:7      | Reached * piety under Ashenzari
  6921 | D:7      | Reached skill level 8 in Spellcasting
  7002 | D:7      | Found Paxaulij's Weapon Shop.
  7453 | D:8      | Noticed a two-headed ogre
  7472 | D:8      | Killed a two-headed ogre
  7529 | D:8      | Found Plog's Antique Armour Boutique.
  7529 | D:8      | Noticed a two-headed ogre
  7539 | D:8      | Reached XP level 11. HP: 84/84 MP: 0/0
  7539 | D:8      | Learned a level 5 spell: Freezing Cloud
  7543 | D:8      | Killed a two-headed ogre
  7544 | D:8      | Reached skill level 9 in Spellcasting
  7827 | D:8      | Reached ** piety under Ashenzari
  8121 | D:9      | Noticed a sun demon
  8133 | D:9      | Noticed a two-headed ogre
  8137 | D:9      | Killed a two-headed ogre
  8141 | D:9      | Noticed a boulder beetle
  8151 | D:9      | Demolished by a boulder beetle

Illustrated notes

Levels and vault maps discovered:
D:1:      minmay_arrival_jagged, layout_basic,
          shapermc_ecumenical_altar_totnotflames, serial_glass, glass_columns_a,
          glass_columns_a
D:2:      layout_loops_corners, minmay_quadrilaterals
D:3:      layout_basic, lemuel_zombie_altar_kikubaaqudgha
D:4:      minmay_goblin_kobold_castle, layout_basic, gammafunk_ghost_smash,
          serial_glass, glass_columns_a, glass_columns_c, glass_columns_a,
          glass_columns_b, glass_columns_a, glass_columns_c
D:5:      layout_cave_pools, minmay_temple_entry_arrows,
          gammafunk_ghost_necromancy, minivault_1,
          chequers_serial_rivers_small_3, minmay_stone_trees_small
D:6:      layout_basic, nicolae_water_bricks, grunt_decor_fettered, uniq_edmund,
          uniq_prince_ribbit1, uniq_duvessa
D:7:      layout_loops_ring, gammafunk_temple_overflow_statue,
          lemuel_doored_altar, serial_shops, kennysheep_little_box, uniq_joseph
D:8:      layout_loops_ring, serial_undead, serial_undead_c, serial_undead_c,
          serial_undead_c, serial_undead_d, serial_undead_d, serial_undead_e,
          kennysheep_windowed_goal
D:9:      layout_rooms, lemuel_coloured_pillars_altar, marbit_many_paths,
          lemuel_round_altar, minmay_pinched_square, uniq_pikel
Temple:   eino_narrow_crystal_temple

Skill      XL: |  1  2  3  4  5  6  7  8  9 10 11 |
---------------+----------------------------------+-----
Short Blades   | 2 |  2.1
Spellcasting   | 3 5 6 7 8 9 |  9.5
Fighting       | 3 4 5 6 8 |  8.7
Shields        | 2 4 |  4.0
Dodging        | 4 6 7 8 |  8.3
Throwing       | |  0.7
Armour         | |  1.0

Action                   |  1- 3 |  4- 6 |  7- 9 | 10-12 || total
-------------------------+-------+-------+-------+-------++-------
Melee: Short sword       |    43 |     7 |       |       ||    50
       Falchion          |       |    22 |       |       ||    22
       Staff             |       |       |    18 |     3 ||    21
 Cast: Sting             |    30 |    28 |       |       ||    58
       Searing Ray       |       |    29 |    43 |    29 ||   101
       Vampiric Draining |       |       |    87 |    39 ||   126
       Blink             |       |       |     1 |     8 ||     9
       Freezing Cloud    |       |       |       |     8 ||     8
Invok: Curse Item        |       |       |     1 |     2 ||     3
  Use: Scroll            |       |     6 |     2 |       ||     8
Armor: Leather armour    |     5 |    13 |    22 |    12 ||    52
Dodge: Dodged            |    33 |    45 |    75 |    61 ||   214
Block: Buckler           |       |     3 |    41 |    24 ||    68
       Rpst.: Falchion   |       |     4 |       |       ||     4

Table legend: (Time is in decaauts)
 A = Elapsed time spent in this place.
 B = Non-inter-level travel time spent in this place.
 C = Inter-level travel time spent in this place.
 D = Time resting spent in this place.
 E = Time spent auto-exploring this place.
 F = Levels seen in this place.
 G = Mean time per level.
                   A        B        C        D        E       F      G
               +--------+--------+--------+--------+--------+-----+--------+
         Total |   8157 |   7849 |    308 |     16 |   6747 |  10 |  815.7 |
       Dungeon |   7966 |   7701 |    265 |     16 |   6601 |   9 |  885.1 |
        Temple |    190 |    148 |     42 |      0 |    146 |   1 |  190.0 |
               +--------+--------+--------+--------+--------+-----+--------+

Top non-repeatable levels by time:
     D:2: 1713 daAuts
     D:3: 1478 daAuts
     D:4: 1139 daAuts
     D:8: 865 daAuts
     D:1: 836 daAuts
     D:6: 704 daAuts
     D:7: 651 daAuts
     D:5: 543 daAuts
  Temple: 190 daAuts
     D:9: 33 daAuts
